 Dungeon Crawl Stone Soup version 0.31-a0-227-ga22c3bf811 (webtiles) character file.

Game seed: 1930753860471305894

1118 Ijustatesigmund the Stinger (level 8, 0/54 HPs)
             Began as an Octopode Venom Mage on July 6, 2023.
             Slain by a gnoll
             ... wielding a +0 club
              (5 damage)
             ... on level 5 of the Dungeon.
             The game lasted 00:10:11 (6272 turns).

Ijustatesigmund the Stinger (Octopode Venom Mage)   Turns: 6272, Time: 00:10:12

Health: 0/54       AC:  1    Str:  7    XL:     8   Next: 34%
Magic:  14/14      EV: 13    Int: 26    God:
Gold:   241        SH:  0    Dex: 12    Spells: 5/15 levels left

rFire   . . .        c - +0 trident (vamp)
rCold   . . .        (no shield)
rNeg    . . .        x - +0 hat
rPois   .            p - amulet of magic regeneration
rElec   .            s - +6 ring of intelligence
rCorr   .            (no ring)
SInv    .            (no ring)
Will    .....        (no ring)
Stlth   +++          (no ring)
HPRegen 0.29/turn    (no ring)
MPRegen 0.54/turn    (no ring)
                     (no ring)

%: no passive effects
@: no status effects
A: almost no armour, amphibious, 8 rings, camouflage 1, gelatinous body 1,
(nimble swimmer 1), tentacles
a: no special abilities


You were on level 5 of the Dungeon.
You visited 1 branch of the dungeon, and saw 5 of its levels.
You also visited: Ossuary.

You collected 241 gold pieces.

Inventory:

Hand Weapons
 c - a +0 vampiric trident (weapon)
Armour
 m - a +0 kite shield
 x - a +0 hat (worn)
Jewellery
 p - an amulet of magic regeneration (around mantle)
 s - a +6 ring of intelligence (left tentacle)
Wands
 d - a wand of iceblast (3)
Scrolls
 b - a scroll of brand weapon
 e - a scroll of teleportation
 g - 2 scrolls of fear
 q - 2 scrolls of noise
 u - a scroll of amnesia
Potions
 a - a potion of magic
 f - 2 potions of mutation
 h - a potion of cancellation {unknown}
 i - 3 potions of curing
 j - a potion of enlightenment {unknown}
 k - a potion of ambrosia {unknown}
 l - 3 potions of invisibility
 n - a potion of degeneration {unknown}
 o - 2 potions of brilliance {unknown}
 r - 2 potions of haste {unknown}
 t - a potion of berserk rage {unknown}
 v - a potion of attraction {unknown}
 w - a potion of lignification {unknown}


   Skills:
 + Level 3.6 Fighting
 - Level 2.0 Dodging
 - Level 2.6 Stealth
 + Level 4.3 Spellcasting
 + Level 3.8 Conjurations
 - Level 1.0 Transmutations
 + Level 4.0 Air Magic
 + Level 6.3 Poison Magic
 - Level 1.7 Evocations


You had 5 spell levels left.
You knew the following spells:

 Your Spells              Type           Power      Damage    Failure   Level
a - Sting                 Tmut/Pois      96%        1d7       1%          1
b - Poisonous Vapours     Pois/Air       64%        N/A       1%          2
c - Mephitic Cloud        Conj/Pois/Air  30%        N/A       3%          3
d - Olgreb's Toxic Radia  Pois           38%        N/A       6%          4

Your spell library contained the following spells:

 Spells                   Type           Power      Damage    Failure   Level


Dungeon Overview and Level Annotations

Branches:
Dungeon (5/15)             Temple (0/1) D:4         Ossuary (visited)

Altars:
Okawaru

Shops:
D:2 [


Innate Abilities, Weirdness & Mutations

You cannot wear most types of armour.
You are amphibious.
You can wear up to eight rings at the same time.
Your skin changes colour to match your surroundings (Stealth+).
Your rubbery body absorbs attacks. (AC +1, EV +1)
((You are camouflaged when in or above water. (Stealth+)))
You have tentacles for arms and can constrict up to eight enemies at once.


Message History

You are too injured to fight recklessly!
You are too injured to fight recklessly!
You are too injured to fight recklessly!
You are too injured to fight recklessly!
You are too injured to fight recklessly!
Aiming: Paralyse
Press: ? - help, Shift-Dir - straight line, f/p - gnoll
Aim: a gnoll, wielding a +0 flail (moderately wounded, constricted by you, chance to affect: 62%)
The gnoll suddenly stops moving!
The now-empty wand crumbles to dust.
You constrict the gnoll.
A gnoll comes into view. It is wielding a +0 spear.
Okay, then.
Unknown command.
You hit the gnoll but do no damage. Your grab misses the gnoll.
You constrict the gnoll. The gnoll hits you with a +0 club.
You hit the gnoll.
You feel better.
You grab the gnoll. Your squeeze misses the gnoll.
The gnoll is moderately wounded.
You constrict the gnoll, but do no damage.
You constrict the gnoll. The gnoll barely misses you.
The gnoll hits you with a +0 club.
You hit the gnoll.
You feel better.
The gnoll is heavily wounded.
You constrict the gnoll. x2
You kill the gnoll!
The gnoll hits you from afar with a +0 spear.
* * * LOW HITPOINT WARNING * * *
The gnoll hits you with a +0 club.
* * * LOW HITPOINT WARNING * * *
The gnoll hits you with a +0 club.
* * * LOW HITPOINT WARNING * * *
The gnoll hits you from afar with a +0 spear.
* * * LOW HITPOINT WARNING * * *
Your Air Magic skill increases to level 4!
Okay, then.
You feel better.
You constrict the gnoll.
The gnoll hits you from afar with a +0 spear.
* * * LOW HITPOINT WARNING * * *
The gnoll hits you with a +0 club.
You die...

.......#
#...##..###
.......# .##
#..## ≈≈≈≈≈...
..#..#..##
≈≈≈≈≈....
.).#......##
###≈≈.....
...##>###..#
.#≈≈...## ...
## ##.### #g#
#. #....
###).# #..#
####. ####.@g#
#...#### #.
..#####....###
#....####
........####
####.....
..#####....###
###....####
####...##
##...####
###..# #..###
##.###.##
#..#..#
##.#.##


You could see 2 gnolls.

Vanquished Creatures
  A water moccasin (D:5)
  A black bear (D:5)
  4 wights
  A centaur zombie (Ossuary)
  3 hounds
  A human zombie (Ossuary)
  5 bullfrog zombies (Ossuary)
  4 iguanas
  2 scorpion zombies (Ossuary)
  4 adders
  4 gnolls
  3 ufetubi (D:5)
  5 adder zombies (Ossuary)
  2 worms
  5 dart slugs
  11 orcs
  6 bats
  6 endoplasms
  5 giant cockroaches
  3 gnoll zombies (Ossuary)
  4 goblins
  7 hobgoblins
  8 jackals (D:1)
  5 kobolds
  5 quokkas
  6 ball pythons
  3 frilled lizards
  3 goblin zombies
  3 hobgoblin zombies (Ossuary)
  7 orc zombies (Ossuary)
  8 rats
  A rat zombie (D:4)
136 creatures vanquished.

Notes
Turn   | Place    | Note
-------+----------+-------------------------------------------
     0 | D:1      | Ijustatesigmund the Octopode Venom Mage began the quest for
                  | the Orb.
     0 | D:1      | Reached XP level 1. HP: 11/11 MP: 3/3
   186 | D:1      | Reached XP level 2. HP: 16/18 MP: 3/5
   189 | D:1      | Learned a level 2 spell: Poisonous Vapours
   370 | D:1      | Reached skill level 1 in Fighting
   603 | D:1      | Reached skill level 4 in Poison Magic
   770 | D:1      | Reached XP level 3. HP: 21/23 MP: 4/6
   775 | D:1      | Learned a level 3 spell: Mephitic Cloud
  1650 | D:2      | Reached skill level 1 in Air Magic
  2021 | D:2      | Found Ovoones's Antique Armour Emporium.
  2024 | D:2      | Reached skill level 1 in Evocations
  2320 | D:2      | Reached XP level 4. HP: 28/28 MP: 4/7
  2573 | D:2      | Reached skill level 1 in Conjurations
  2956 | D:3      | Found an iron altar of Okawaru.
  3286 | D:3      | Reached XP level 5. HP: 27/33 MP: 7/9
  3673 | D:4      | Found a staircase to the Ecumenical Temple.
  3818 | D:4      | Found a sand-covered staircase.
  3825 | Ossuary  | Entered an ossuary
  3887 | Ossuary  | Reached XP level 6. HP: 32/38 MP: 10/10
  3917 | Ossuary  | Learned a level 4 spell: Olgreb's Toxic Radiance
  3975 | Ossuary  | Reached skill level 5 in Poison Magic
  4328 | Ossuary  | Reached XP level 7. HP: 36/45 MP: 12/12
  4348 | Ossuary  | Noticed a silent spectre
  5311 | D:5      | Entered Level 5 of the Dungeon
  5691 | D:5      | Reached skill level 6 in Poison Magic
  5691 | D:5      | Reached XP level 8. HP: 18/52 MP: 12/14
  6271 | D:5      | HP: 1/54 [gnoll/+0 spear (5)]
  6272 | D:5      | Slain by a gnoll

Illustrated notes

Levels and vault maps discovered:
D:1:      lightli_arrival_boilingwater, layout_loops_corners, serial_rivers,
          chequers_serial_rivers_marsh, chequers_serial_rivers_large_a,
          chequers_serial_rivers_micro_a, chequers_serial_rivers_small_b,
          chequers_serial_rivers_micro_b, chequers_serial_rivers_large_b,
          dk_noncrumbling_4
D:2:      layout_basic, serial_shops, shop, nicolae_twisty_statue_hallways
D:3:      layout_loops_corners, overflow_temple_1_default
D:4:      wander_river, layout_loops_corners,
          minmay_temple_entry_drinking_statues, enter_ossuary_4,
          gup_sewer_entry_bowl
D:5:      minmay_general_purpose_star, layout_basic,
          gammafunk_ghost_gnarly_gnolls, kennysheep_generic_room_14

Skill      XL: |  1  2  3  4  5  6  7  8 |
---------------+-------------------------+-----
Fighting       | 1 2 3 |  3.6
Poison Magic   | 4 5 6 |  6.3
Air Magic      | 1 2 3 4 |  4.0
Evocations     | 1 |  1.7
Conjurations   | 1 2 3 |  3.8
Spellcasting   | 3 4 |  4.3
Dodging        | |  2.0
Stealth        | |  2.6
Transmutations | |  1.0

Action                     |  1- 3 |  4- 6 |  7- 9 || total
---------------------------+-------+-------+-------++-------
  Melee: Unarmed           |    18 |       |       ||    18
         Constrict         |    20 |    32 |    24 ||    76
         Tentacles         |    17 |    40 |    29 ||    86
         Whip              |    59 |       |       ||    59
         Punch             |     2 |     3 |     1 ||     6
         Flail             |       |    31 |       ||    31
         Trident           |       |   106 |   108 ||   214
   Cast: Sting             |     5 |     1 |     1 ||     7
         Poisonous Vapours |    20 |    15 |     6 ||    41
         Olgreb's Toxic Ra |       |       |     3 ||     3
  Evoke: Wand              |       |     2 |     9 ||    11
    Use: Scroll            |     4 |     7 |     6 ||    17
         Potion            |       |     2 |     5 ||     7
   Stab: Sleeping          |     2 |     6 |     4 ||    12
         Distracted        |     1 |       |       ||     1
         Paralysed         |       |       |     7 ||     7
 Armour: Skin              |    10 |    18 |    11 ||    39
  Dodge: Dodged            |    46 |   108 |    83 ||   237

Table legend: (Time is in decaauts)
 A = Elapsed time spent in this place.
 B = Non-inter-level travel time spent in this place.
 C = Inter-level travel time spent in this place.
 D = Time resting spent in this place.
 E = Time spent auto-exploring this place.
 F = Levels seen in this place.
 G = Mean time per level.
                   A        B        C        D        E       F      G
               +--------+--------+--------+--------+--------+-----+--------+
         Total |   6351 |   6230 |    121 |   1093 |   4071 |   6 | 1058.5 |
       Dungeon |   5748 |   5627 |    121 |    967 |   3865 |   5 | 1149.6 |
       Ossuary |    602 |    602 |      0 |    126 |    206 |   1 |  602.0 |
               +--------+--------+--------+--------+--------+-----+--------+

Top non-repeatable levels by time:
     D:1: 1607 daAuts
     D:2: 1163 daAuts
     D:4: 1125 daAuts
     D:5: 975 daAuts
     D:3: 876 daAuts
 Ossuary: 602 daAuts
